 Dungeon Crawl Stone Soup version 0.20.1-1-g8b1a95d (webtiles) character file.

220 Artikas the Covered (level 5, 0/47 HPs)
             Began as a Minotaur Fighter on Dec 9, 2017.
             Succumbed to a gnoll's poison
             ... on level 2 of the Dungeon.
             The game lasted 00:09:36 (1906 turns).

Artikas the Covered (Minotaur Fighter)              Turns: 1906, Time: 00:09:37

Health: 0/47       AC:  7    Str: 21    XL:     5   Next: 64%
Magic:  4/4        EV:  8    Int:  3    God:
Gold:   111        SH:  9    Dex: 10    Spells: 4/4 levels left

rFire    . . .     SeeInvis .   k - +2 hand axe (chop)
rCold    . . .     Gourm    .   c - +0 shield
rNeg     . . .     Faith    .   b - +0 scale mail
rPois    .         Spirit   .   (helmet restricted)
rElec    .         Reflect  .   (no cloak)
rCorr    .         Harm     .   (no gloves)
MR       .....                  (no boots)
Stlth    ..........             (no amulet)
Regen    0.2/turn               r - ring of wizardry
MPRegen  0.1/turn               (no ring)

@: lethally poisoned (0 -> -3), berserk cooldown, hasted and slowed
A: retaliatory headbutt, horns 2, dopey 1, sense surroundings 1, inhibited
regeneration
a: no special abilities


You were on level 2 of the Dungeon.
You were not hungry.

You visited 1 branch of the dungeon, and saw 3 of its levels.

You collected 111 gold pieces.

Inventory:

Hand Weapons
 a - a +0 long sword
 k - a +2 hand axe of chopping (weapon)
Missiles
 s - 7 javelins (quivered)
Armour
 b - a +0 scale mail (worn)
 c - a +0 shield (worn)
Jewellery
 r - a ring of wizardry (left hand)
Scrolls
 h - 2 scrolls of teleportation
 i - a scroll of noise {unknown}
 l - a scroll of remove curse {unknown}
 n - a scroll of random uselessness {unknown}
 q - a scroll of fear {unknown}
 u - a scroll of amnesia {unknown}
 v - a scroll of fog {unknown}
Potions
 d - a potion of might
 e - a potion of magic
Comestibles
 f - a bread ration
 g - 3 fruits
 j - a meat ration


   Skills:
 + Level 4.4 Fighting
 + Level 3.5 Long Blades
 + Level 1.7 Axes
 + Level 5.3 Armour
 + Level 0.7 Dodging
 + Level 4.8 Shields


You had 4 spell levels left.
You didn't know any spells.

Dungeon Overview and Level Annotations

Branches:
Dungeon (3/15)

Altars:
Trog


Innate Abilities, Weirdness & Mutations

You reflexively headbutt those who attack you in melee.
You have a pair of horns on your head.
You are dopey. (Int -2)
You passively map a small area around you.
You do not regenerate when monsters are visible.


Message History

* * * LOW HITPOINT WARNING * * *
You feel sick.
* * * LOW HITPOINT WARNING * * *
You feel sick.
* * * LOW HITPOINT WARNING * * *
You feel sick.
* * * LOW HITPOINT WARNING * * *
You feel sick.
* * * LOW HITPOINT WARNING * * *
You feel sick.
* * * LOW HITPOINT WARNING * * *
You feel sick.
* * * LOW HITPOINT WARNING * * *
You feel sick.
* * * LOW HITPOINT WARNING * * *
You feel sick.
* * * LOW HITPOINT WARNING * * *
You feel sick.
Your extra speed is starting to run out.
You die...

#.....##.#.###.#.#.##...........<
_#....##.#(....#'#'##(...........
#..#####.#..........#.....<......
...# #.+..........#............
#### ###..........#............
#..........###########.#
#..........# #######'# #
#..........#####...>.... ##
#......@...'...'....)... .#
#..........#####..(..... (#
#..........# #....>... .#
#.....[....# ######### ##
#..........# # #
######..........# #######
#......########## ##......
#.####.# ####..#.... #.#..#.#
##...##.#.#.


There were no monsters in sight!

Vanquished Creatures
  Natasha (thrice) (D:2)
  7 adders (D:2)
  3 gnolls
  An ooze (D:1)
  A worm (D:2)
  3 dart slugs
  A leopard gecko (D:2)
  A giant cockroach (D:2)
  6 goblins
  7 hobgoblins
  10 kobolds
  A bat (D:2)
  4 frilled lizards
  3 rats
51 creatures vanquished.

Notes
Turn   | Place    | Note
-------+----------+-------------------------------------------
     0 | D:1      | Artikas the Minotaur Fighter began the quest for the Orb.
     0 | D:1      | Reached XP level 1. HP: 19/19 MP: 0/0
   204 | D:1      | Reached XP level 2. HP: 27/27 MP: 1/1
   239 | D:1      | Reached skill level 4 in Armour
   551 | D:2      | Noticed Natasha
   556 | D:2      | Killed Natasha
   556 | D:2      | Reached XP level 3. HP: 33/33 MP: 2/2
   606 | D:2      | Found a faded altar of an unknown god.
   651 | D:2      | Found a bloodstained altar of Trog.
   683 | D:2      | Reached XP level 4. HP: 38/40 MP: 3/3
   852 | D:2      | Noticed Natasha
   860 | D:2      | Killed Natasha
  1058 | D:2      | Reached skill level 5 in Armour
  1129 | D:2      | Reached skill level 1 in Axes
  1129 | D:2      | Reached XP level 5. HP: 39/46 MP: 4/4
  1386 | D:2      | Noticed Natasha
  1407 | D:2      | Killed Natasha
  1880 | D:2      | Gained mutation: You do not regenerate when monsters are visible. [potion of mutation]
  1880 | D:2      | Gained mutation: You are dopey. (Int -2) [potion of mutation]
  1880 | D:2      | Gained mutation: You passively map a small area around you. [potion of mutation]
  1900 | D:2      | HP: 2/47 [poisoned by a gnoll]
  1906 | D:2      | Succumbed to a gnoll's poison

Skill      XL: |  1  2  3  4 |
---------------+-------------+-----
Armour         | 4 5 |  5.3
Fighting       | 4 |  4.4
Shields        | 4 |  4.8
Long Blades    | 3 |  3.5
Axes           | 1 |  1.7
Dodging        | |  0.7

Action                   |  1- 3 |  4- 6 || total
-------------------------+-------+-------++-------
Melee: Long sword        |     7 |       ||     7
       Hand axe          |    40 |    74 ||   114
       Headbutt          |     9 |     5 ||    14
  Use: Potion            |       |     4 ||     4
       Scroll            |       |     1 ||     1
  Eat: Chunk             |       |     3 ||     3
Armor: Scale mail        |    22 |    35 ||    57
Dodge: Dodged            |    17 |    21 ||    38
Block: Shield            |    29 |    33 ||    62
